 Dungeon Crawl Stone Soup version 0.31-a0-214-gb37851dbb3 (webtiles) character file.

Game seed: 16518346698651269016

4 Gargoyl the Trooper (level 1, -1/14 HPs)
             Began as a Gargoyle Berserker on July 1, 2023.
             Was a Follower of Trog.
             Frozen to death by an endoplasm (3 damage)
             ... on level 1 of the Dungeon.
             The game lasted 00:00:18 (154 turns).

Gargoyl the Trooper (Gargoyle Berserker)             Turns: 154, Time: 00:00:19

Health: -1/14      AC:  5    Str: 20    XL:     1   Next: 60%
Magic:  1/1        EV: 11    Int:  7    God:    Trog [*.....]
Gold:   0          SH:  0    Dex:  9    Spells: 0/0 levels left

rFire   . . .        d - +2 short sword (venom)
rCold   . . .        (no shield)
rNeg    + . .        b - +0 animal skin
rPois   ∞            (no helmet)
rElec   +            f - +0 cloak
rCorr   .            (no gloves)
SInv    .            (no boots)
Will    .....        (no amulet)
Stlth   +            (no ring)
HPRegen 0.22/turn    (no ring)
MPRegen 0.07/turn

%: no passive effects
@: no status effects
A: sickness immunity, AC +2, negative energy resistance 1, electricity
resistance, torment resistance 1, petrification resistance
a: Renounce Religion, Berserk


You were on level 1 of the Dungeon.
You worshipped Trog.
Trog was aware of your devotion.
You visited 1 branch of the dungeon, and saw 1 of its levels.

Inventory:

Hand Weapons
 a - a +0 hand axe
 d - a +2 short sword of venom (weapon)
Armour
 b - a +0 animal skin (worn)
 f - a +0 cloak (worn)
Potions
 e - 2 potions of mutation {unknown}


   Skills:
 + Level 3.4 Fighting
 + Level 2.8 Axes
 + Level 2.2 Armour
 + Level 1.6 Dodging


You couldn't memorise any spells.
You didn't know any spells.
Your spell library was empty.

Dungeon Overview and Level Annotations

Branches:
Dungeon (1/15)

Altars:


Innate Abilities, Weirdness & Mutations

You are immune to sickness and miasma.
Your stone body is resilient. (AC +2)
You are immune to poison.
You resist negative energy. (rN+)
You are resistant to electric shocks. (rElec)
You are resistant to unholy torment.
You are immune to petrification.


Message History

You start putting on your armour.
You continue putting on your +0 cloak. x4
You finish putting on your +0 cloak.
A rat comes into view.
As you read the scroll labelled CEACIRRUGG, it crumbles to dust.
You feel aware of your surroundings.
It was a scroll of revelation.
An endoplasm comes into view.
Found 4 stones.
Unknown command.
The endoplasm quivers.
An endoplasm comes into view.
You hit the rat.
The rat is poisoned.
The rat is severely wounded.
The endoplasm quivers.
The rat bites you.
The endoplasm hits you but does no damage.
The rat misses you.
You fail to use your ability.
The endoplasm freezes you.
You are frozen.
The rat closely misses you.
You hit the endoplasm.
The endoplasm is severely wounded.
You kill the rat!
Trog accepts your kill. The endoplasm freezes you.
You are frozen.
* * * LOW HITPOINT WARNING * * *
You hit the endoplasm but do no damage.
The endoplasm is severely wounded.
The endoplasm freezes you.
You are frozen.
* * * LOW HITPOINT WARNING * * *
Unknown command.
You barely miss the endoplasm.
The endoplasm is heavily wounded.
The endoplasm freezes you.
You are frozen.
* * * LOW HITPOINT WARNING * * *
The endoplasm freezes you.
You are frozen.
You die...

...........#######.......,,,,,,,,
........##..##########...,,,,*,**
........###......###.....,,,**,*
........########..##.###.,*,**,*
.......##########.##.###.,*,*,,*
........#########....###.,*,,,,*
.....>..########......#..,,,,*,**
........########.####....,,***,,*
................@......#.,,,,**,,
,,,,,,,,,.#....JJ........,**,,***
,,,,,,,,*............##.?,,,,,,,*
,,,,,,,**................,,,*,,>,
,,,,,,*,,.#..........####**,****,
*,,,*,,,*##..........###***,,,**,
,,,,,,***#............,,,,,,,,,,,
,,>******#..........###*****,,,,,
,,,**,,,,,,,**,**,,,* ***,,,


You could see 2 endoplasms.

Vanquished Creatures
  3 kobolds (D:1)
  2 rats (D:1)
5 creatures vanquished.

Notes
Turn   | Place    | Note
-------+----------+-------------------------------------------
     0 | D:1      | Gargoyl the Gargoyle Berserker began the quest for the Orb.
     0 | D:1      | Reached XP level 1. HP: 14/14 MP: 1/1
   154 | D:1      | Frozen to death by an endoplasm

Illustrated notes

Levels and vault maps discovered:
D:1:      dpeg_arrival_boxes_within_box, layout_rooms,
          hangedman_decor_clover_reticule

Action                     || total
---------------------------++-------
  Melee: Hand axe          ||     7
         Short sword       ||     4
         Punch             ||     1
    Use: Scroll            ||     1
 Armour: Animal skin       ||     6
  Dodge: Dodged            ||    11

Table legend: (Time is in decaauts)
 A = Elapsed time spent in this place.
 B = Non-inter-level travel time spent in this place.
 C = Inter-level travel time spent in this place.
 D = Time resting spent in this place.
 E = Time spent auto-exploring this place.
 F = Levels seen in this place.
 G = Mean time per level.
                   A        B        C        D        E       F      G
               +--------+--------+--------+--------+--------+-----+--------+
         Total |    154 |    154 |      0 |      0 |    105 |   1 |  154.0 |
       Dungeon |    154 |    154 |      0 |      0 |    105 |   1 |  154.0 |
               +--------+--------+--------+--------+--------+-----+--------+

Top non-repeatable levels by time:
     D:1: 154 daAuts
